[Event "FRA-ch Universities 2019"]
[Site "Paris"]
[Date "2019.02.02"]
[Round "1.1"]
[White "Porsia, Enzo"]
[Black "Sochacki, Christophe"]
[Result "0-1"]
[ECO "C01"]
[WhiteElo "1752"]
[BlackElo "2482"]
[Annotator "RC"]
[PlyCount "48"]
[EventDate "2019.02.01"]
[EventType "swiss"]
[EventCountry "FRA"]
[SourceTitle "playchess.com"]
[Source "ChessBase"]
[SourceQuality "1"]
[TimeControl "900+5"]

1. e4 e6 2. d4 d5 3. exd5 exd5 4. Nf3 Bd6 5. Bd3 Nc6 6. c3 Nge7 7. O-O Bg4 8. Bg5 Qd7 9. Nbd2 f6 10. Bh4 h5 11. Re1 O-O-O 12. b4 Nf5 13. Qc2 g5 14. Bg3 Nxg3 15. fxg3 Kb8 16. a4 h4 17. gxh4 gxh4 18. a5 Rdg8 19. b5 Ne7 20. b6 h3 21. a6 cxb6 22. axb7 Bxf3 23. Nxf3 Rxg2+ 24. Qxg2 hxg2 0-1

[Event "FRA-ch Universities 2019"]
[Site "Paris"]
[Date "2019.02.02"]
[Round "1.2"]
[White "Graca, Robert"]
[Black "Moretti, Marcos Paulo Pereir"]
[Result "1-0"]
[ECO "A13"]
[WhiteElo "2270"]
[BlackElo "1812"]
[Annotator "RC"]
[PlyCount "59"]
[EventDate "2019.02.01"]
[EventType "swiss"]
[EventCountry "FRA"]
[SourceTitle "playchess.com"]
[Source "ChessBase"]
[SourceQuality "1"]
[TimeControl "900+5"]

1. Nf3 e6 2. c4 d5 3. d4 f5 4. e3 c6 5. g4 Nf6 6. Ne5 Nbd7 7. g5 Nxe5 8. gxf6 Ng4 9. fxg7 Bxg7 10. Nc3 Bd7 11. Bd2 Qh4 12. Qf3 O-O 13. Qg3 Qh5 14. Be2 Qf7 15. O-O-O Kh8 16. Rhg1 Nf6 17. Qh4 Ne4 18. f3 Nxd2 19. Rxd2 f4 20. e4 c5 21. dxc5 Bxc3 22. bxc3 dxe4 23. fxe4 Bc6 24. Bf3 Rg8 25. Rxg8+ Rxg8 26. Rd8 Rxd8 27. Qxd8+ Kg7 28. Qg5+ Kf8 29. Kb2 Ke8 30. Bh5 1-0

[Event "FRA-ch Universities 2019"]
[Site "Paris"]
[Date "2019.02.02"]
[Round "1.3"]
[White "Ranguin, Anna"]
[Black "Sochacki, Wojtek"]
[Result "0-1"]
[ECO "A56"]
[WhiteElo "1565"]
[BlackElo "2348"]
[Annotator "NA RC"]
[PlyCount "38"]
[EventDate "2019.02.01"]
[EventType "swiss"]
[EventCountry "FRA"]
[SourceTitle "playchess.com"]
[Source "ChessBase"]
[SourceQuality "1"]
[TimeControl "900+5"]

1. d4 Nf6 2. c4 c5 3. Nf3 cxd4 4. Nxd4 e5 5. Nb5 d5 6. cxd5 Bc5 7. Bg5 Ne4 8. Be3 Bxe3 9. fxe3 O-O 10. g3 Qb6 11. Qd3 Bf5 12. Qb3 Nc5 13. Qc4 Rc8 14. N1c3 Nd3+ 15. exd3 Rxc4 16. dxc4 a6 17. e4 Bg4 18. Bd3 axb5 19. Nxb5 Qe3+ 0-1

[Event "FRA-ch Universities 2019"]
[Site "Paris"]
[Date "2019.02.02"]
[Round "1.6"]
[White "Eden, James"]
[Black "Bremond, Abel"]
[Result "1-0"]
[ECO "B01"]
[WhiteElo "2338"]
[BlackElo "1836"]
[Annotator "NA RC"]
[PlyCount "79"]
[EventDate "2019.02.01"]
[EventType "swiss"]
[EventCountry "FRA"]
[SourceTitle "playchess.com"]
[Source "ChessBase"]
[SourceQuality "1"]
[TimeControl "900+5"]

1. e4 d5 2. exd5 Nf6 3. Bb5+ Nbd7 4. Nc3 a6 5. Be2 Nb6 6. Nf3 Nbxd5 7. Nxd5 Qxd5 8. O-O Bg4 9. c4 Qh5 10. h3 e5 11. Re1 Bd6 12. Nxe5 Bxe5 13. Bxg4 Nxg4 14. Qxg4 Qxg4 15. hxg4 f6 16. d4 O-O-O 17. dxe5 Rhe8 18. Bf4 Rd4 19. exf6 Rxe1+ 20. Rxe1 gxf6 21. g3 Rxc4 22. Re7 Rc2 23. Rxh7 Rxb2 24. Rxc7+ Kd8 25. a4 Rb4 26. Rf7 Rxa4 27. Rxb7 Ra1+ 28. Kg2 Ke8 29. Kf3 a5 30. Ke4 a4 31. Kf5 a3 32. Ra7 a2 33. Be3 Kd8 34. Kxf6 Ke8 35. g5 Kd8 36. g6 Kc8 37. g7 Rd1 38. g8=Q+ Rd8 39. Qc4+ Kb8 40. Qc7# 1-0

[Event "FRA-ch Universities 2019"]
[Site "Paris"]
[Date "2019.02.02"]
[Round "1.9"]
[White "Martin, Florent"]
[Black "Lever, Erwan"]
[Result "0-1"]
[ECO "B22"]
[WhiteElo "1466"]
[BlackElo "2275"]
[Annotator "NA RC"]
[PlyCount "40"]
[EventDate "2019.02.01"]
[EventType "swiss"]
[EventCountry "FRA"]
[SourceTitle "playchess.com"]
[Source "ChessBase"]
[SourceQuality "1"]
[TimeControl "900+5"]

1. e4 c5 2. c3 Nf6 3. d3 e6 4. Nf3 Nc6 5. Nbd2 d5 6. Be2 Be7 7. O-O O-O 8. Nb3 dxe4 9. Ng5 exd3 10. Bxd3 b6 11. Qc2 g6 12. Bb5 Bb7 13. Rd1 Qc7 14. Rd3 c4 15. Bxc4 Ne5 16. Nxe6 Qxc4 17. Nf4 Nxd3 18. Nxd3 Rad8 19. Ne5 Qe4 20. Qxe4 Rd1+ 0-1

[Event "FRA-ch Universities 2019"]
[Site "Paris"]
[Date "2019.02.02"]
[Round "1.10"]
[White "Budak, Rewi"]
[Black "Zeller, Thomas"]
[Result "1/2-1/2"]
[ECO "C55"]
[WhiteElo "2128"]
[BlackElo "1782"]
[Annotator "NA RC"]
[PlyCount "122"]
[EventDate "2019.02.01"]
[EventType "swiss"]
[EventCountry "FRA"]
[SourceTitle "playchess.com"]
[Source "ChessBase"]
[SourceQuality "1"]
[TimeControl "900+5"]

1. e4 e5 2. Bc4 Nf6 3. d4 exd4 4. Nf3 Nc6 5. Ng5 Ne5 6. Bb3 h6 7. f4 hxg5 8. fxe5 Nxe4 9. Qxd4 Nc5 10. Nc3 Nxb3 11. axb3 d6 12. O-O dxe5 13. Qxe5+ Be6 14. Bxg5 Qd6 15. Bf4 Qc5+ 16. Kh1 O-O-O 17. Rxa7 Bd6 18. Ra8+ Kd7 19. Qxc5 Bxc5 20. Rd1+ Ke7 21. Raxd8 Rxd8 22. Bxc7 Rxd1+ 23. Nxd1 Bf5 24. Nc3 Bxc2 25. b4 Bd4 26. Bf4 Ke6 27. h4 Bxc3 28. bxc3 b5 29. Kg1 Kd5 30. Kf2 Ke4 31. Be3 f5 32. Bd4 g6 33. Kg3 Bb3 34. Bg7 Bd5 35. Kf2 Kd3 36. Kg3 Ke4 37. Bf6 Bc4 38. Kf2 Bd5 39. Kg3 Bc4 40. Be7 Bd5 41. Bd6 Bc4 42. Kh3 Bd5 43. g3 Kf3 44. Bf4 Bc4 45. h5 gxh5 46. Kh4 Bd3 47. Kxh5 Ke4 48. Kg6 Bc4 49. Kf6 Bd3 50. Ke6 Bc4+ 51. Kd6 Kd3 52. Ke5 Kxc3 53. Kxf5 Kxb4 54. Be5 Be2 55. Kf4 Kc4 56. Ke3 Bh5 57. Kf4 b4 58. g4 Bxg4 59. Kxg4 b3 60. Kf4 b2 61. Bxb2 Kd5 1/2-1/2

[Event "FRA-ch Universities 2019"]
[Site "Paris"]
[Date "2019.02.02"]
[Round "2"]
[White "Sochacki, Christophe"]
[Black "Ribiere, Damien"]
[Result "1-0"]
[ECO "B08"]
[WhiteElo "2482"]
[BlackElo "2042"]
[Annotator "RC"]
[PlyCount "86"]
[EventDate "2019.02.01"]
[EventType "swiss"]
[EventCountry "FRA"]
[SourceTitle "playchess.com"]
[Source "ChessBase"]
[SourceQuality "1"]
[TimeControl "900+5"]

1. e4 d6 2. d4 Nf6 3. Nc3 g6 4. h3 Bg7 5. Nf3 O-O 6. Be3 c6 7. a4 a5 8. Be2 Nbd7 9. Qd2 e5 10. dxe5 dxe5 11. Rd1 Qe7 12. Qd6 Qxd6 13. Rxd6 Re8 14. Rd1 Nh5 15. g3 Bf8 16. Ng5 h6 17. Bxh5 hxg5 18. Bg4 Nc5 19. Bxg5 Kg7 20. Ke2 f5 21. exf5 Bxf5 22. Bxf5 gxf5 23. Be3 Ne6 24. Rd7+ Kf6 25. Kf3 Re7 26. Rxe7 Bxe7 27. h4 Bc5 28. Bxc5 Nxc5 29. Rd1 Ne6 30. Ne2 b5 31. Rd6 bxa4 32. Nc3 Rc8 33. Nxa4 Ke7 34. Rd2 c5 35. Ke3 Rb8 36. Rd5 Kf6 37. b3 Nd4 38. Rxc5 Ne6 39. Rxa5 Rc8 40. c3 f4+ 41. Ke4 fxg3 42. fxg3 Rg8 43. Ra6 Rg4+ 1-0

[Event "FRA-ch Universities 2019"]
[Site "Paris"]
[Date "2019.02.02"]
[Round "2"]
[White "Sochacki, Wojtek"]
[Black "Bedini, Lucas"]
[Result "1-0"]
[ECO "A56"]
[WhiteElo "2348"]
[BlackElo "1920"]
[Annotator "NA RC"]
[PlyCount "85"]
[EventDate "2019.02.01"]
[EventType "swiss"]
[EventCountry "FRA"]
[SourceTitle "playchess.com"]
[Source "ChessBase"]
[SourceQuality "1"]
[TimeControl "900+5"]

1. d4 Nf6 2. c4 c5 3. Nf3 cxd4 4. Nxd4 d5 5. cxd5 Nxd5 6. e4 Nc7 {[%emt 0:00:42] D06: Queen's Gambit: Symmetrical and Baltic Defences} (6... Nb4 7. Bb5+ Bd7 8. Bc4 N8c6 9. Nxc6 Nxc6 10. O-O e6 11. Nc3 Be7 12. Bf4 O-O 13. Qd2 Be8 14. Rfd1 Qxd2 15. Rxd2 {½-½ (30) Anand,V (2783)-Vachier Lagrave,M (2791) Saint Louis 2017}) 7. Bc4 e5 8. Qh5 Bb4+ 9. Nc3 O-O 10. Nf3 Be6 ({Predecessor:} 10... Nd7 11. Bg5 Qe8 12. O-O-O Bxc3 13. bxc3 b5 14. Bb3 {½-½ (28) Reti,R-Landau,S Rotterdam 1927}) 11. Ng5 h6 12. Nxe6 Nxe6 13. Bxe6 Qd4 14. O-O fxe6 15. Be3 Qc4 16. Qxe5 Nc6 17. Qb5 Na5 $1 18. Qe5 Nc6 19. Qb5 Na5 $16 20. Qh5 Rad8 21. Rac1 Nc6 22. Qg4 Ne5 23. Qg3 Nd3 24. Rc2 Rf7 25. h4 Rfd7 26. Bxh6 Nxb2 27. Rxb2 Bxc3 28. Rbb1 b5 29. Bg5 Rc8 30. h5 Qxe4 31. h6 Rd3 32. Qh2 Qf5 33. Be3 a5 34. hxg7 Bxg7 35. Rbc1 Rdc3 36. Rxc3 Bxc3 37. Qg3+ Bg7 38. Rd1 e5 39. Bh6 Qf6 40. Bxg7 Qxg7 41. Qb3+ Kh8 42. Qh3+ Kg8 43. Qxc8+ 1-0

[Event "FRA-ch Universities 2019"]
[Site "Paris"]
[Date "2019.02.02"]
[Round "2"]
[White "Brethes, Francois"]
[Black "Lambert, Thomas"]
[Result "1-0"]
[ECO "C50"]
[WhiteElo "2267"]
[BlackElo "1993"]
[Annotator "NA RC"]
[PlyCount "39"]
[EventDate "2019.02.01"]
[EventType "swiss"]
[EventCountry "FRA"]
[SourceTitle "playchess.com"]
[Source "ChessBase"]
[SourceQuality "1"]
[TimeControl "900+5"]

1. e4 e5 2. Nf3 Nc6 3. Bc4 Bc5 4. d3 Nf6 5. O-O O-O 6. a4 d6 7. c3 Be6 8. Bxe6 fxe6 9. b4 Nxb4 10. cxb4 Bxb4 11. Qb3 Bc5 12. Qxe6+ Kh8 13. Ba3 Qd7 14. Qxd7 Nxd7 15. Nbd2 h6 16. Rfc1 c6 17. Bxc5 Nxc5 18. Nxe5 dxe5 19. Rxc5 Rad8 20. Ra3 1-0

[Event "FRA-ch Universities 2019"]
[Site "Paris"]
[Date "2019.02.02"]
[Round "2"]
[White "Toure, Vasanth"]
[Black "Loiseau, Quentin"]
[Result "0-1"]
[ECO "B45"]
[WhiteElo "2064"]
[BlackElo "2452"]
[Annotator "RC"]
[PlyCount "78"]
[EventDate "2019.02.01"]
[EventType "swiss"]
[EventCountry "FRA"]
[SourceTitle "playchess.com"]
[Source "ChessBase"]
[SourceQuality "1"]
[TimeControl "900+5"]

1. e4 c5 2. Nf3 e6 3. d4 cxd4 4. Nxd4 Nc6 5. Nc3 d6 6. Be3 Nf6 7. Be2 Be7 8. f4 Qc7 9. Qd2 O-O 10. O-O-O a6 11. g4 Nd7 12. g5 Nc5 13. f5 Nxd4 14. Bxd4 exf5 15. Nd5 Qd8 16. Nxe7+ Qxe7 17. exf5 Bxf5 18. Rde1 Ne6 19. Be3 Be4 20. Rhg1 Rac8 21. Bd3 d5 22. Bxe4 dxe4 23. h4 Rfd8 24. Qa5 Rc4 25. b3 Rc6 26. Rd1 Rdc8 27. Rd2 b6 28. Qd5 Qc7 29. Qxe4 b5 30. Rgg2 a5 31. h5 a4 32. Kb1 axb3 33. axb3 Ra6 34. Bd4 Rca8 35. Bb2 b4 36. g6 fxg6 37. hxg6 Qa5 38. gxh7+ Kh8 39. Rd5 Qa1+ 0-1

[Event "FRA-ch Universities 2019"]
[Site "Paris"]
[Date "2019.02.02"]
[Round "2"]
[White "Schmuck, Corentin"]
[Black "Eden, James"]
[Result "0-1"]
[ECO "B23"]
[WhiteElo "1984"]
[BlackElo "2338"]
[Annotator "NA RC"]
[PlyCount "127"]
[EventDate "2019.02.01"]
[EventType "swiss"]
[EventCountry "FRA"]
[SourceTitle "playchess.com"]
[Source "ChessBase"]
[SourceQuality "1"]
[TimeControl "900+5"]

1. e4 c5 2. Nc3 a6 3. g3 b5 4. Bg2 Bb7 5. d3 e6 6. Be3 {[%emt 0:00:11] B23: Closed Sicilian: Lines without g3} (6. f4 Nf6 7. Nf3 d6 8. O-O Be7 9. a4 b4 10. Ne2 c4 11. b3 cxd3 12. cxd3 O-O 13. h3 Nc6 14. g4 Nd7 15. g5 {1-0 (51) Duda,J (2717)-Fedorchuk,S (2648) Katowice 2017}) 6... Nf6 7. h3 $146 ({Predecessor:} 7. Qd2 Be7 {½-½ (72) Munoz,L (1884)-Herrera Rodriguez,M (2091) Pamplona 2012}) 7... Be7 8. Qd2 b4 9. Nd1 d5 10. exd5 Bxd5 11. Nf3 Qd7 ({Predecessor:} 11... Qc7 12. O-O O-O 13. Qe2 c4 {½-½ (72) Munoz,L (1884)-Herrera Rodriguez,M (2091) Pamplona 2012}) 12. O-O Qb7 13. Ne1 O-O 14. Bxd5 Nxd5 15. Ng2 Nc6 16. Qe2 a5 17. Nf4 Nxf4 18. Bxf4 Nd4 19. Qe4 Qxe4 20. dxe4 Nxc2 21. Rc1 Nd4 22. Kg2 g5 23. Be3 Rac8 24. b3 Rfd8 25. Nb2 Ne2 26. Rc2 Nc3 27. Nc4 Nxe4 28. Nxa5 Nc3 29. Nc4 Bf6 30. f4 h6 $17 31. g4 Bd4 32. fxg5 Bxe3 33. Nxe3 hxg5 34. Rcf2 Rc7 35. Nc4 Rd5 36. Nb6 Rd1 37. Rxd1 Nxd1 38. Rd2 Nc3 39. Kf3 Ra7 40. Nd7 Ra5 41. Ke3 Nxa2 42. Kd3 Nc3 43. Kc4 Kg7 44. Rf2 Ne4 45. Re2 Nd6+ 46. Kd3 Nb7 47. Kc4 Ra3 48. Re5 Kg6 49. Nxc5 Nd6+ 50. Kxb4 Ra2 51. Ne4 Re2 52. Rxg5+ Kh6 53. Nxd6 Kxg5 54. Nxf7+ Kf4 55. Kc5 e5 56. b4 e4 57. Nd6 e3 58. Nf5 Rc2+ 59. Kb6 e2 60. Nd4 e1=Q 61. Nxc2 Qc3 62. b5 Qxc2 63. Kb7 Ke5 64. b6 0-1

[Event "FRA-ch Universities 2019"]
[Site "Paris"]
[Date "2019.02.02"]
[Round "2"]
[White "Noir, Mathys"]
[Black "Fines, Adrien"]
[Result "1-0"]
[ECO "B21"]
[WhiteElo "1889"]
[BlackElo "1756"]
[Annotator "NA RC"]
[PlyCount "59"]
[EventDate "2019.02.01"]
[EventType "swiss"]
[EventCountry "FRA"]
[SourceTitle "playchess.com"]
[Source "ChessBase"]
[SourceQuality "1"]
[TimeControl "900+5"]

1. e4 c5 2. d4 cxd4 3. c3 Nf6 4. e5 Nd5 5. Qxd4 Nc7 6. Nf3 Nc6 7. Qe4 g6 8. Bc4 Bg7 9. h4 d5 10. exd6 Qxd6 11. O-O Bf5 12. Qe2 O-O-O 13. Ng5 b5 14. Nxf7 Qc5 15. Nxd8 Rxd8 16. g4 bxc4 17. gxf5 Qxf5 18. Nd2 Ne5 19. f4 Nd3 20. Nxc4 Qc5+ 21. Ne3 Ne6 22. Qg4 Rd6 23. f5 Nxc1 24. Raxc1 Qxe3+ 25. Kh1 Nc5 26. f6+ Kc7 27. fxg7 Ne4 28. g8=Q Nf2+ 29. Rxf2 Qxc1+ 30. Kg2 1-0

[Event "FRA-ch Universities 2019"]
[Site "Paris"]
[Date "2019.02.02"]
[Round "3"]
[White "Eden, James"]
[Black "Albaric, Etienne"]
[Result "1-0"]
[ECO "A45"]
[WhiteElo "2338"]
[BlackElo "2249"]
[Annotator "NA RC"]
[PlyCount "79"]
[EventDate "2019.02.01"]
[EventType "swiss"]
[EventCountry "FRA"]
[SourceTitle "playchess.com"]
[Source "ChessBase"]
[SourceQuality "1"]
[TimeControl "900+5"]

1. d4 Nf6 2. Bf4 e6 3. e3 c5 4. c3 Nc6 5. Nd2 Be7 6. h3 b6 7. Ngf3 O-O 8. Bd3 cxd4 9. exd4 d6 10. O-O Bb7 11. Qe2 Re8 12. Rfe1 Bf8 13. Ba6 Qc8 14. Bxb7 Qxb7 15. Ne4 Nxe4 16. Qxe4 d5 17. Qd3 h6 18. g4 Be7 19. Kh1 Qd7 20. Rg1 Bd6 21. Ne5 Bxe5 22. dxe5 d4 23. g5 Qd5+ 24. f3 g6 25. gxh6 Nxe5 26. Qe4 Qxe4 27. fxe4 Nd3 28. Bg3 dxc3 29. bxc3 Rac8 30. Rad1 Rxc3 31. Rd2 Nc5 32. Re2 Kh7 33. h4 Rd8 34. h5 Rdd3 35. hxg6+ fxg6 36. Be5 Re3 37. Rf2 Rf3 38. Rgf1 Rxf2 39. Rxf2 Re3 40. Rf7+ 1-0

[Event "FRA-ch Universities 2019"]
[Site "Paris"]
[Date "2019.02.02"]
[Round "3"]
[White "Guillemart, Serge"]
[Black "Noir, Mathys"]
[Result "0-1"]
[ECO "C00"]
[WhiteElo "2023"]
[BlackElo "1889"]
[Annotator "NA RC"]
[PlyCount "84"]
[EventDate "2019.02.01"]
[EventType "swiss"]
[EventCountry "FRA"]
[SourceTitle "playchess.com"]
[Source "ChessBase"]
[SourceQuality "1"]
[TimeControl "900+5"]

1. e4 e6 2. Qe2 e5 3. Nf3 Nc6 4. g3 Bc5 5. Bg2 d6 6. O-O Bg4 7. c3 Nf6 8. d3 Qd7 9. Rd1 h5 10. Bg5 h4 11. Bxh4 Rxh4 12. gxh4 Bh3 13. Ng5 Bxg2 14. Kxg2 O-O-O 15. Qf3 g6 16. b4 Bb6 17. h3 Nh5 18. Qxf7 Qxf7 19. Nxf7 Rf8 20. Nxd6+ cxd6 21. Rd2 Nf4+ 22. Kh2 Rh8 23. Kg3 Bd8 24. Na3 Bxh4+ 25. Kf3 Bg5 26. Rg1 Nxh3 27. Rxg5 Nxg5+ 28. Kg4 Ne6 29. Nc4 Kc7 30. b5 Ne7 31. d4 exd4 32. cxd4 Rf8 33. f3 d5 34. Ne5 Rf4+ 35. Kg3 dxe4 36. d5 Kd6 37. Nc4+ Kc5 38. d6 Nf5+ 39. Kh2 Kxc4 40. fxe4 Rxe4 41. d7 Rd4 42. Rxd4+ Nfxd4 0-1

[Event "FRA-ch Universities 2019"]
[Site "Paris"]
[Date "2019.02.02"]
[Round "3"]
[White "Brunier, Jules"]
[Black "Deltour, Quentin"]
[Result "1/2-1/2"]
[ECO "B92"]
[WhiteElo "2015"]
[BlackElo "1968"]
[Annotator "NA RC"]
[PlyCount "108"]
[EventDate "2019.02.01"]
[EventType "swiss"]
[EventCountry "FRA"]
[SourceTitle "playchess.com"]
[Source "ChessBase"]
[SourceQuality "1"]
[TimeControl "900+5"]

1. e4 c5 2. Nf3 d6 3. d4 cxd4 4. Nxd4 Nf6 5. Nc3 a6 6. Be2 e5 7. Nb3 Be7 8. O-O O-O 9. Kh1 b5 10. a3 Bb7 11. Bf3 Nbd7 12. g3 Rc8 13. Bg2 Qb6 14. Be3 Qc7 15. f4 Nb6 16. fxe5 dxe5 17. Bg5 Nc4 18. Qc1 Nxb2 19. Bxf6 Bxf6 20. Nd5 Bxd5 21. exd5 Qxc2 22. Na5 Qxc1 23. Raxc1 Nc4 24. Nxc4 Rxc4 25. Rxc4 bxc4 26. Rc1 Rc8 27. d6 c3 28. Bh3 Rc6 29. d7 c2 30. Bf5 Kf8 31. Rxc2 Rxc2 32. Bxc2 Ke7 33. Bf5 g6 34. Bh3 Bg5 35. Kg2 f5 36. g4 f4 37. Kf3 Kxd7 38. Bf1 a5 39. Ke4 Kd6 40. Bc4 Bf6 41. Bf7 Kc5 42. a4 Kd6 43. Be8 Ke7 44. Bb5 Kd6 45. Be8 Bh4 46. Bf7 Bf6 47. Bg8 h6 48. Bf7 g5 49. Bc4 Kc5 50. Bb5 Kd6 51. Bc4 Kc5 52. Bb5 Kd6 53. Bc4 Kc5 54. Bb5 {Kd4+ Kf5 e4 Kxf6} f3 {Kg6 h5 Kh6} 1/2-1/2

[Event "FRA-ch Universities 2019"]
[Site "Paris"]
[Date "2019.02.02"]
[Round "3"]
[White "Mugil, Jayavel"]
[Black "Dumas, Charles"]
[Result "1/2-1/2"]
[ECO "B30"]
[WhiteElo "2001"]
[BlackElo "2218"]
[Annotator "NA RC"]
[PlyCount "123"]
[EventDate "2019.02.01"]
[EventType "swiss"]
[EventCountry "FRA"]
[SourceTitle "playchess.com"]
[Source "ChessBase"]
[SourceQuality "1"]
[TimeControl "900+5"]

1. e4 c5 2. Nf3 Nc6 3. Bb5 Qb6 4. Nc3 e6 5. O-O Nge7 6. d3 a6 7. Bxc6 Nxc6 8. Bd2 Be7 9. a4 O-O 10. a5 Nxa5 11. Na4 Qc7 12. Nxc5 Bxc5 13. Bxa5 b6 14. Bc3 f5 15. d4 Be7 16. Nd2 Bb7 17. f3 Bg5 18. Re1 Rf7 19. Nf1 fxe4 20. fxe4 Raf8 21. Qg4 Qf4 22. Qxf4 Rxf4 23. Ng3 Rf2 24. Rf1 Rxc2 25. Rxf8+ Kxf8 26. Rf1+ Ke8 27. d5 exd5 28. Bxg7 Rc1 29. Nf5 Rxf1+ 30. Kxf1 Bf4 31. g3 Bc7 32. e5 Kf7 33. Ke2 Bc6 34. Kd3 b5 35. Bh8 Bb6 36. Nd4 Bc5 37. g4 Bb7 38. h4 Bc8 39. Nf5 d6 40. Nxd6+ Bxd6 41. exd6 Ke6 42. Bc3 Kxd6 43. g5 Kc5 44. b4+ Kd6 45. Kd4 Bf5 46. h5 Bb1 47. Bd2 Bc2 48. Bf4+ Ke6 49. Kc5 Kf5 50. g6 Kf6 51. Be5+ Ke7 52. g7 Kf7 53. Kxd5 h6 54. Kc6 Bd1 55. Kb6 Bxh5 56. Kxa6 Be2 57. Kb6 h5 58. Kc5 h4 59. Kd4 Bc4 60. Ke3 Kg6 61. Kf4 Be6 62. Ke4 1/2-1/2

[Event "FRA-ch Universities 2019"]
[Site "Paris"]
[Date "2019.02.02"]
[Round "3"]
[White "Brison, Lucas"]
[Black "Brethes, Francois"]
[Result "0-1"]
[ECO "E19"]
[WhiteElo "1900"]
[BlackElo "2267"]
[Annotator "NA RC"]
[PlyCount "60"]
[EventDate "2019.02.01"]
[EventType "swiss"]
[EventCountry "FRA"]
[SourceTitle "playchess.com"]
[Source "ChessBase"]
[SourceQuality "1"]
[TimeControl "900+5"]

1. c4 Nf6 2. Nf3 e6 3. g3 a6 4. Bg2 b5 5. b3 Bb7 6. O-O c5 7. Bb2 Be7 8. d4 cxd4 9. cxb5 axb5 10. Nxd4 Bxg2 11. Kxg2 b4 12. a3 bxa3 13. Nxa3 O-O 14. Nc4 Na6 15. f3 Nb4 16. Qd2 d5 17. Ne5 Qc7 18. Nd3 Qb7 19. Bc3 Nxd3 20. Qxd3 Rfe8 21. Rfb1 e5 22. Nf5 Bf8 23. Qd2 d4 24. Rxa8 Rxa8 25. Ba1 g6 26. Nh6+ Bxh6 27. Qxh6 Ra2 28. Qg5 Qb5 29. Bb2 Qxe2+ 30. Kh3 Kg7 0-1

[Event "FRA-ch Universities 2019"]
[Site "Paris"]
[Date "2019.02.02"]
[Round "4"]
[White "Brethes, Francois"]
[Black "Viers, Emmanuel"]
[Result "0-1"]
[ECO "B21"]
[WhiteElo "2267"]
[BlackElo "2199"]
[Annotator "NA"]
[PlyCount "82"]
[EventDate "2019.02.01"]
[EventType "swiss"]
[EventCountry "FRA"]
[SourceTitle "playchess.com"]
[Source "ChessBase"]
[SourceQuality "1"]
[TimeControl "900+5"]

1. e4 c5 2. d4 cxd4 3. c3 d5 4. exd5 Qxd5 5. cxd4 e6 6. Nf3 Nf6 7. Bd3 Be7 8. O-O O-O 9. Nc3 Qd8 10. Bc2 Nc6 11. a3 b6 12. Qd3 Bb7 13. Bg5 g6 14. Rfe1 Nh5 15. Bh6 Re8 16. Rad1 Ng7 17. Qd2 Na5 18. Ne5 Bf6 19. Ng4 Be7 20. Ba4 Rf8 21. Qe2 Bg5 22. Bxg7 Kxg7 23. d5 exd5 24. Qe5+ Bf6 25. Qf4 h5 26. Qh6+ Kg8 27. Nxf6+ Qxf6 28. Rxd5 Nc4 29. Rxh5 Qg7 30. Qxg7+ Kxg7 31. Rb5 a6 32. Rb4 b5 33. Bc2 Rfe8 34. Rd1 Rad8 35. Bd3 Rxd3 36. Rf1 Bc6 37. a4 a5 38. Rb3 Nd2 39. axb5 Nxf1 40. bxc6 Nd2 41. Rb7 Re1# 0-1

[Event "FRA-ch Universities 2019"]
[Site "Paris"]
[Date "2019.02.02"]
[Round "4"]
[White "Defromont, Benjamin"]
[Black "Mugil, Jayavel"]
[Result "1-0"]
[ECO "C11"]
[WhiteElo "2113"]
[BlackElo "2001"]
[Annotator "NA RC"]
[PlyCount "142"]
[EventDate "2019.02.01"]
[EventType "swiss"]
[EventCountry "FRA"]
[SourceTitle "playchess.com"]
[Source "ChessBase"]
[SourceQuality "1"]
[TimeControl "900+5"]

1. e4 e6 2. d4 d5 3. Nc3 Nf6 4. e5 Nfd7 5. f4 c5 6. Nf3 Nc6 7. Be3 a6 8. Qd2 b5 9. dxc5 Nxc5 10. Qf2 Na4 11. Nxa4 bxa4 12. c3 Rb8 13. Bd3 Be7 14. h4 Qa5 15. O-O h5 16. Ng5 a3 17. b4 Qc7 18. Rae1 g6 19. Qc2 Bxg5 20. hxg5 Ne7 21. Qa4+ Bd7 22. Qxa3 O-O 23. Bc5 Bb5 24. Rf3 Rfc8 25. Kh2 Bxd3 26. Rxd3 Nf5 27. Rb1 Qb7 28. Rbd1 Qb5 29. Qb3 Kg7 30. Qc2 Qc4 31. Qf2 a5 32. a3 Rb7 33. Rf3 Qb3 34. Ra1 Rbc7 35. Qa2 Qa4 36. Rc1 Rxc5 37. bxc5 Rxc5 38. Qb2 Nh4 39. Rf2 Rb5 40. Qa2 Qe4 41. Qe2 Qa4 42. c4 Rc5 43. Qc2 Qxa3 44. Qa2 Qe3 45. Qd2 Qxd2 46. Rxd2 Nf5 47. Ra2 dxc4 48. Rca1 Rd5 49. Rxa5 Rd2 50. Rc5 Ne3 51. Kh1 Rc2 52. Rg1 h4 53. Kh2 c3 54. Kh3 Nf5 55. Rf1 Ne3 56. Rf3 Nxg2 57. Rcxc3 Nxf4+ 58. Kxh4 Rxc3 59. Rxc3 Nd5 60. Rc1 Ne7 61. Kg4 Nf5 62. Kf4 Nh4 63. Rc8 Nf5 64. Rc1 Nh4 65. Ke4 Nf5 66. Rg1 Nh4 67. Ke3 Nf5+ 68. Kd3 Nh4 69. Rf1 Nf5 70. Rf4 Ng3 71. Kc4 Nf5 {Kd4} 1-0

[Event "FRA-ch Universities 2019"]
[Site "Paris"]
[Date "2019.02.02"]
[Round "4"]
[White "Cahen, Alexis"]
[Black "Abbassi, Zeyneb"]
[Result "1-0"]
[ECO "A00"]
[WhiteElo "2109"]
[BlackElo "1794"]
[Annotator "NA"]
[PlyCount "96"]
[EventDate "2019.02.01"]
[EventType "swiss"]
[EventCountry "FRA"]
[SourceTitle "playchess.com"]
[Source "ChessBase"]
[SourceQuality "1"]
[TimeControl "900+5"]

1. g4 d5 2. g5 Bg4 3. Bg2 c6 4. d3 e5 5. Nc3 Nd7 6. Nf3 h6 7. h4 Be7 8. Rg1 hxg5 9. hxg5 Qc7 10. e4 d4 11. Ne2 Bb4+ 12. c3 dxc3 13. bxc3 Ba5 14. Be3 Ne7 15. Qd2 Ng6 16. Ng3 Bb6 17. Nf5 Bxf5 18. exf5 Bxe3 19. fxe3 Ne7 20. e4 O-O-O 21. Qe3 Qa5 22. Rc1 f6 23. Bf1 Rh7 24. Rc2 Nc5 25. Kf2 Na4 26. d4 exd4 27. cxd4 Nxf5 28. exf5 Qxf5 29. Bd3 Rh2+ 30. Ke1 Qd7 31. Rxh2 Re8 32. Be4 f5 33. Ne5 Qd6 34. Bxf5+ Kb8 35. Nd7+ Qxd7 36. Bxd7 Rxe3+ 37. Kf2 Rd3 38. Re1 Rxd4 39. Rh8+ Kc7 40. Bh3 Rd2+ 41. Re2 Rd5 42. Re7+ Kb6 43. Rxg7 Nc3 44. g6 Nxa2 45. Rhh7 a5 46. Rxb7+ Kc5 47. g7 Rg5 48. Rh5 Kd5 1-0

[Event "FRA-ch Universities 2019"]
[Site "Paris"]
[Date "2019.02.02"]
[Round "4"]
[White "Halegua, Dani"]
[Black "Graca, Robert"]
[Result "0-1"]
[ECO "B52"]
[WhiteElo "1969"]
[BlackElo "2270"]
[Annotator "NA RC"]
[PlyCount "122"]
[EventDate "2019.02.01"]
[EventType "swiss"]
[EventCountry "FRA"]
[SourceTitle "playchess.com"]
[Source "ChessBase"]
[SourceQuality "1"]
[TimeControl "900+5"]

1. e4 c5 2. Nf3 d6 3. Bb5+ Bd7 4. a4 Nf6 5. d3 g6 6. Nbd2 Bg7 7. Nc4 O-O 8. Bxd7 Qxd7 9. O-O Nc6 10. a5 d5 11. exd5 Nxd5 12. Re1 Rad8 13. Bg5 Rfe8 14. Qd2 Qf5 15. Nh4 Qc8 16. Nf3 Qc7 17. c3 Rd7 18. Bh6 Bh8 19. h4 b5 20. axb6 axb6 21. h5 b5 22. Ne3 Red8 23. hxg6 hxg6 24. Red1 Nb6 25. Qe2 Na4 26. Bg5 Na5 27. Bh4 Nc6 28. d4 cxd4 29. Nxd4 Nxd4 30. cxd4 Qb7 31. d5 Bxb2 32. Rab1 Bg7 33. Rxb5 Qa6 34. Rb2 Qxe2 35. Rxe2 Nc3 36. Red2 Nxd1 37. Rxd1 Kf8 38. Kf1 Bh6 39. Ng4 Bf4 40. g3 Bb8 41. Ne3 Ba7 42. Bg5 Bxe3 43. Bxe3 Rxd5 44. Bh6+ Ke8 45. Ra1 Rd1+ 46. Rxd1 Rxd1+ 47. Ke2 Rb1 48. Kf3 Kd7 49. Be3 Rb3 50. Ke4 Ke6 51. Bf4 Rb4+ 52. Ke3 Ra4 53. Kf3 Kf5 54. g4+ Ke6 55. Kg3 Kd5 56. Bg5 f6 57. Bd2 Ke4 58. f3+ Kd3 59. Bh6 Ke2 60. Bf8 e5 61. Bg7 Rf4 0-1